BSA
NEW ORLEANS LOOTERS @ PHILADELPHIA ATHLETICS
06/04/2028
 
TOP OF THE 1ST
New Orleans Looters batting - Pitching for Niagara Falls Frenzy : RHP Ed Jones
Pitching: RHP Ed Jones
Batting: SHB Arturo Sánchez 0-0: Fly out, F9 (Flyball, 9D)
Batting: RHB Rubén Vázquez 0-0: Ball
1-0: Ball
2-0: Ball
3-0: Called Strike
3-1: Swinging Strike
3-2: Ground out 6-3 (Groundball, 6M)
Batting: SHB Oliver Deleón 0-0: Called Strike
0-1: Ball
1-1: Ground out 6-3 (Groundball, 6M)
Top of the 1st over - 0 run(s), 0 hit(s), 0 error(s), 0 left on base; New Orleans 0 - Niagara Falls 0
BOTTOM OF THE 1ST
Niagara Falls Frenzy batting - Pitching for New Orleans Looters : RHP Gennarino Lucchetti
Pitching: RHP Gennarino Lucchetti
Batting: RHB Kel Pierce 0-0: SINGLE (Groundball, 34D)
Batting: RHB Jorge Cora 0-0: Called Strike
0-1: Ball
1-1: Swinging Strike
1-2: Fly out, F7 (Flyball, 7D)
Batting: LHB Clyde Yarbrough 0-0: Called Strike
0-1: Ball
1-1: Fly out, F8 (Flyball, 78XD)
Batting: RHB Tomás Estrada 0-0: Swinging Strike
0-1: Ball
1-1: Ball
2-1: SINGLE (Line Drive, 89S)
Kel Pierce to second
Batting: RHB Zander Tremblett 0-0: Called Strike
0-1: Swinging Strike
0-2: Foul Ball, location: 2F
0-2: Ball
1-2: Ball
2-2: Ground out 4-3 (Groundball, 4M)
Bottom of the 1st over - 0 run(s), 2 hit(s), 0 error(s), 2 left on base; New Orleans 0 - Niagara Falls 0
TOP OF THE 2ND
New Orleans Looters batting - Pitching for Niagara Falls Frenzy : RHP Ed Jones
Batting: RHB Stephen Shaw 0-0: Foul Ball, location: 2F
0-1: Swinging Strike
0-2: Ball
1-2: Ball
2-2: Strikes out swinging
Batting: RHB Dave O'Loan 0-0: Called Strike
0-1: Ground out 6-3 (Groundball, 6)
Batting: LHB Eduardo Rodríguez 0-0: DOUBLE (Line Drive, 89M)
Batting: LHB Taylor Smith 0-0: Ball
1-0: Ball
2-0: Called Strike
2-1: Foul Ball, location: 2F
2-2: Foul Ball, location: 2F
2-2: Strikes out swinging
Top of the 2nd over - 0 run(s), 1 hit(s), 0 error(s), 1 left on base; New Orleans 0 - Niagara Falls 0
BOTTOM OF THE 2ND
Niagara Falls Frenzy batting - Pitching for New Orleans Looters : RHP Gennarino Lucchetti
Batting: RHB Anastasio Villa 0-0: Ground out 1-3 (Groundball, P)
Batting: LHB Yasuhiko Onodera 0-0: Called Strike
0-1: Ball
1-1: Ground out 4-3 (Groundball, 34)
Batting: RHB Luther Stoffels 0-0: SINGLE (Line Drive, 8LS)
Batting: RHB Santiago Zambrano 0-0: SINGLE (Flyball, 8RS)
Luther Stoffels to second
Batting: RHB Kel Pierce 0-0: Ball
1-0: Ball
2-0: Foul Ball, location: 2F
2-1: Foul Ball, location: 2F
2-2: Fly out, F8 (Flyball, 8RM)
Bottom of the 2nd over - 0 run(s), 2 hit(s), 0 error(s), 2 left on base; New Orleans 0 - Niagara Falls 0
TOP OF THE 3RD
New Orleans Looters batting - Pitching for Niagara Falls Frenzy : RHP Ed Jones
Batting: RHB Run-ming Zhu 0-0: Ball
1-0: Fly out, F2 (Popup, 23)
Batting: LHB Miguel Colón 0-0: SINGLE (Line Drive, 8LS)
Batting: SHB Arturo Sánchez 0-0: Ball
Miguel Colón is caught stealing 2nd base
1-0: Ball
2-0: Fly out, F9 (Flyball, 9LSF)
Top of the 3rd over - 0 run(s), 1 hit(s), 0 error(s), 0 left on base; New Orleans 0 - Niagara Falls 0
BOTTOM OF THE 3RD
Niagara Falls Frenzy batting - Pitching for New Orleans Looters : RHP Gennarino Lucchetti
Batting: RHB Jorge Cora 0-0: Swinging Strike
0-1: Ball
1-1: Swinging Strike
1-2: Ball
2-2: Ball
3-2: Foul Ball, location: 2F
3-2: Strikes out swinging
Batting: LHB Clyde Yarbrough 0-0: Fly out, F9 (Flyball, 9)
Batting: RHB Tomás Estrada 0-0: Ball
1-0: Called Strike
1-1: Ball
2-1: Ball
3-1: Base on Balls
Batting: RHB Zander Tremblett 0-0: Called Strike
0-1: Ball
1-1: Ground out 4-3 (Groundball, 4M)
Bottom of the 3rd over - 0 run(s), 0 hit(s), 0 error(s), 1 left on base; New Orleans 0 - Niagara Falls 0
TOP OF THE 4TH
New Orleans Looters batting - Pitching for Niagara Falls Frenzy : RHP Ed Jones
Batting: RHB Rubén Vázquez 0-0: Ball
1-0: Ball
2-0: SINGLE (Groundball, 5D)
Batting: SHB Oliver Deleón 0-0: Ball
1-0: SINGLE (Groundball, 34D)
Rubén Vázquez to second
Runner from 2nd tries for 3rd, SAFE, no throw
Batting: RHB Stephen Shaw 0-0: Called Strike
0-1: Ball
1-1: Called Strike
1-2: Ball
2-2: Foul Ball, location: 2F
2-2: SINGLE (Groundball, 56D)
Rubén Vázquez scores
Oliver Deleón to second
Batting: RHB Dave O'Loan 0-0: Ground out 6-3 (Groundball, 6S)
Oliver Deleón to third
Stephen Shaw to second
Batting: LHB Eduardo Rodríguez 0-0: Ball
1-0: SINGLE (Groundball, 56D)
Oliver Deleón scores
Stephen Shaw to third
Batting: LHB Taylor Smith 0-0: Ball
1-0: Foul Ball, location: 2F
1-1: Foul Ball, location: 2F
1-2: Foul Ball, location: 2F
1-2: Ball
2-2: Ball
3-2: Strikes out swinging
Eduardo Rodríguez steals 2nd base
Batter strikes out.
Batting: RHB Run-ming Zhu 0-0: Ball
1-0: Foul Ball, location: 2F
1-1: SINGLE (Line Drive, 6D)
Stephen Shaw scores
Eduardo Rodríguez to third
Runner from 3rd tries for Home, SAFE, no throw
Batting: LHB Miguel Colón 0-0: Ball
1-0: Fielders Choice at 2nd, 4-6 (Groundball, 4)
Top of the 4th over - 4 run(s), 5 hit(s), 0 error(s), 0 left on base; New Orleans 4 - Niagara Falls 0
BOTTOM OF THE 4TH
Niagara Falls Frenzy batting - Pitching for New Orleans Looters : RHP Gennarino Lucchetti
Batting: RHB Anastasio Villa 0-0: Called Strike
0-1: Foul Ball, location: 2F
0-2: Foul Ball, location: 2F
0-2: Ground out 5-3 (Groundball, 56S)
Batting: LHB Yasuhiko Onodera 0-0: Called Strike
0-1: Foul Ball, location: 2F
0-2: Foul Ball, location: 2F
0-2: Ball
1-2: Ball
2-2: Ball
3-2: DOUBLE (Flyball, 8LXD)
Batting: RHB Luther Stoffels 0-0: Ball
1-0: Ball
2-0: Ground out 6-3 (Groundball, 6M)
Yasuhiko Onodera to third
Batting: RHB Santiago Zambrano 0-0: Called Strike
0-1: Ball
1-1: Foul Ball, location: 2F
1-2: Ground out 6-3 (Groundball, 6S)
Bottom of the 4th over - 0 run(s), 1 hit(s), 0 error(s), 1 left on base; New Orleans 4 - Niagara Falls 0
TOP OF THE 5TH
New Orleans Looters batting - Pitching for Niagara Falls Frenzy : RHP Ed Jones
Batting: SHB Arturo Sánchez 0-0: Ball
1-0: Ball
2-0: Ball
3-0: Called Strike
3-1: Swinging Strike
3-2: Foul Ball, location: 2F
3-2: Ground out 1-3 (Groundball, 15S)
Batting: RHB Rubén Vázquez 0-0: Called Strike
0-1: Swinging Strike
0-2: SINGLE (Groundball, 6MD)
Batting: SHB Oliver Deleón 0-0: Ball
1-0: Foul Ball, location: 2F
1-1: Foul Ball, location: 2F
1-2: Fly out, F7 (Flyball, 78M)
Batting: RHB Stephen Shaw 0-0: Called Strike
0-1: Ball
1-1: Foul Ball, location: 2F
1-2: Foul Ball, location: 2F
1-2: SINGLE (Groundball, 6MD)
Rubén Vázquez to second
Runner from 2nd tries for 3rd, OUT!
Top of the 5th over - 0 run(s), 2 hit(s), 0 error(s), 1 left on base; New Orleans 4 - Niagara Falls 0
BOTTOM OF THE 5TH
Niagara Falls Frenzy batting - Pitching for New Orleans Looters : RHP Gennarino Lucchetti
Batting: RHB Kel Pierce 0-0: Ball
1-0: Called Strike
1-1: Foul Ball, location: 2F
1-2: Foul Ball, location: 2F
1-2: Strikes out looking
Batting: RHB Jorge Cora 0-0: Called Strike
0-1: Swinging Strike
0-2: Foul Ball, location: 2F
0-2: Ball
1-2: Strikes out swinging
Batting: LHB Clyde Yarbrough 0-0: Ball
1-0: Called Strike
1-1: Foul Ball, location: 2F
1-2: Ball
2-2: Ball
3-2: SINGLE (Line Drive, 4D)
Batting: RHB Tomás Estrada 0-0: Ball
1-0: Called Strike
1-1: Foul Ball, location: 2F
1-2: Strikes out swinging
Bottom of the 5th over - 0 run(s), 1 hit(s), 0 error(s), 1 left on base; New Orleans 4 - Niagara Falls 0
TOP OF THE 6TH
New Orleans Looters batting - Pitching for Niagara Falls Frenzy : RHP Ed Jones
Batting: RHB Dave O'Loan 0-0: Ball
1-0: Called Strike
1-1: Swinging Strike
1-2: Strikes out swinging
Batting: LHB Eduardo Rodríguez 0-0: Ball
1-0: Called Strike
1-1: Foul Ball, location: 2F
1-2: Strikes out looking
Batting: LHB Taylor Smith 0-0: Ball
1-0: Fly out, F8 (Flyball, 78D)
Top of the 6th over - 0 run(s), 0 hit(s), 0 error(s), 0 left on base; New Orleans 4 - Niagara Falls 0
BOTTOM OF THE 6TH
Niagara Falls Frenzy batting - Pitching for New Orleans Looters : RHP Gennarino Lucchetti
Batting: RHB Zander Tremblett 0-0: Ball
1-0: SINGLE (Flyball, 78S)
Batting: RHB Anastasio Villa 0-0: Swinging Strike
0-1: Swinging Strike
0-2: Ball
1-2: Foul Ball, location: 2F
1-2: Strikes out swinging
Batting: LHB Yasuhiko Onodera 0-0: Swinging Strike
0-1: SINGLE (Line Drive, 78S)
Zander Tremblett to second
Batting: RHB Luther Stoffels 0-0: Ball
1-0: Called Strike
1-1: Grounds into double play, 4-6-3 (Groundball, 4)
Bottom of the 6th over - 0 run(s), 2 hit(s), 0 error(s), 1 left on base; New Orleans 4 - Niagara Falls 0
TOP OF THE 7TH
New Orleans Looters batting - Pitching for Niagara Falls Frenzy : RHP Ed Jones
Batting: RHB Run-ming Zhu 0-0: Ball
1-0: Ball
2-0: Called Strike
2-1: Foul Ball, location: 2F
2-2: Ground out 6-3 (Groundball, 6)
Batting: LHB Miguel Colón 0-0: Called Strike
0-1: Fly out, F7 (Line Drive, 7LM)
Batting: SHB Arturo Sánchez 0-0: Foul Ball, location: 2F
0-1: Ball
1-1: Ball
2-1: Foul Ball, location: 2F
2-2: Foul Ball, location: 2F
2-2: Ground out 5-3 (Groundball, 56)
Top of the 7th over - 0 run(s), 0 hit(s), 0 error(s), 0 left on base; New Orleans 4 - Niagara Falls 0
BOTTOM OF THE 7TH
Niagara Falls Frenzy batting - Pitching for New Orleans Looters : RHP Gennarino Lucchetti
Batting: RHB Santiago Zambrano 0-0: Foul Ball, location: 2F
0-1: Ball
1-1: Fly out, F9 (Line Drive, 9)
Batting: RHB Kel Pierce 0-0: Ball
1-0: Called Strike
1-1: SINGLE (Line Drive, 4MD)
Batting: RHB Jorge Cora 0-0: Foul Ball, location: 2F
0-1: Foul Ball, location: 2F
0-2: Ball
1-2: Strikes out swinging
Batting: LHB Clyde Yarbrough 0-0: Called Strike
0-1: Ball
1-1: Foul Ball, location: 2F
1-2: Ball
2-2: SINGLE (Groundball, 4S) (infield hit)
Kel Pierce to second
Pitching: RHP Ienobu Sato
Batting: RHB Tomás Estrada 0-0: Called Strike
0-1: Ball
1-1: Foul Ball, location: 2F
1-2: Ball
2-2: SINGLE (Groundball, 34S) (infield hit)
Kel Pierce to third
Clyde Yarbrough to second
Batting: RHB Zander Tremblett 0-0: SINGLE (Groundball, 4MD)
Kel Pierce scores
Clyde Yarbrough to third
Tomás Estrada to second
Runner from 3rd tries for Home, SAFE, no throw
Batting: RHB Anastasio Villa 0-0: Ball
1-0: Swinging Strike
1-1: Swinging Strike
1-2: Ball
2-2: Fly out, F2 (Popup, 3S)
Bottom of the 7th over - 2 run(s), 4 hit(s), 0 error(s), 2 left on base; New Orleans 4 - Niagara Falls 2
TOP OF THE 8TH
New Orleans Looters batting - Pitching for Niagara Falls Frenzy : RHP Ed Jones
Pitching: RHP Ricardo Pérez
Batting: RHB Rubén Vázquez 0-0: Ball
1-0: Foul Ball, location: 2F
1-1: Called Strike
1-2: Foul Ball, location: 2F
1-2: Ball
2-2: Foul Ball, location: 2F
2-2: Fly out, F9 (Flyball, 9LMF)
Batting: SHB Oliver Deleón 0-0: Fly out, F8 (Line Drive, 8LXD)
Batting: RHB Stephen Shaw 0-0: Foul Ball, location: 2F
0-1: Foul Ball, location: 2F
0-2: Foul Ball, location: 2F
0-2: Ball
1-2: Ball
2-2: Fly out, F8 (Flyball, 8LM)
Top of the 8th over - 0 run(s), 0 hit(s), 0 error(s), 0 left on base; New Orleans 4 - Niagara Falls 2
BOTTOM OF THE 8TH
Niagara Falls Frenzy batting - Pitching for New Orleans Looters : RHP Ienobu Sato
Batting: LHB Yasuhiko Onodera 0-0: Foul Ball, location: 2F
0-1: Swinging Strike
0-2: Ball
1-2: Foul Ball, location: 2F
1-2: Ball
2-2: SINGLE (Groundball, 56D)
Batting: RHB Luther Stoffels 0-0: Swinging Strike
0-1: Swinging Strike
0-2: Ball
1-2: Strikes out looking
Batting: RHB Santiago Zambrano 0-0: Called Strike
0-1: Ball
1-1: Ball
2-1: Foul Ball, location: 2F
2-2: Strikes out swinging
Batting: RHB Kel Pierce 0-0: Called Strike
0-1: Ball
1-1: Fly out, F9 (Flyball, 9S)
Bottom of the 8th over - 0 run(s), 1 hit(s), 0 error(s), 1 left on base; New Orleans 4 - Niagara Falls 2
TOP OF THE 9TH
New Orleans Looters batting - Pitching for Niagara Falls Frenzy : RHP Ricardo Pérez
Batting: RHB Dave O'Loan 0-0: Ball
1-0: Ball
2-0: Ball
3-0: Called Strike
3-1: Called Strike
3-2: Fly out, F7 (Flyball, 7S)
Batting: LHB Eduardo Rodríguez 0-0: Ball
1-0: Called Strike
1-1: Ball
2-1: Fly out, F9 (Flyball, 9)
Batting: LHB Taylor Smith 0-0: Called Strike
0-1: Ball
1-1: SINGLE (Groundball, 3D)
Batting: RHB Run-ming Zhu 0-0: Ball
1-0: Ball
2-0: Foul Ball, location: 2F
2-1: Ball
3-1: Called Strike
3-2: Ground out 1-3 (Groundball, P)
Top of the 9th over - 0 run(s), 1 hit(s), 0 error(s), 1 left on base; New Orleans 4 - Niagara Falls 2
BOTTOM OF THE 9TH
Niagara Falls Frenzy batting - Pitching for New Orleans Looters : RHP Ienobu Sato
Pitching: LHP Juan Méndez
Batting: RHB Jorge Cora 0-0: Ball
1-0: Called Strike
1-1: Ball
2-1: Ground out 5-3 (Groundball, 56S)
Batting: LHB Clyde Yarbrough 0-0: Ground out 3-1 (Groundball, 34S)
Batting: RHB Tomás Estrada 0-0: Ball
1-0: Called Strike
1-1: Ground out 5-3 (Groundball, 56)
Bottom of the 9th over - 0 run(s), 0 hit(s), 0 error(s), 0 left on base; New Orleans 4 - Niagara Falls 2
Tuesday, August 8th, 2017 - OOTP Baseball 17.12 Build 75